[Event "Team 45 45 League T52"]
[Site "Internet Chess Club"]
[Date "2012.02.26"]
[Round "2"]
[White "chesskix"]
[Black "Warpdrive"]
[Result "0-1"]
[WhiteElo "1508"]
[BlackElo "1665"]
[Opening "English opening"]
[ECO "A16"]
[Time "20:00:26"]
[TimeControl "2700+45"]

1. c4 Nf6 2. Nc3 g6 3. g3 Bg7 4. Bg2 c6 5. d3 O-O 6. Nf3 d5 7. cxd5 Nxd5 8. d4
Na6 9. a3 Nac7 10. e4 Nxc3 11. bxc3 Nb5 12. Bb2 Nd6 13. Nd2 e5 14. O-O Be6 15.
d5 cxd5 16. exd5 Bf5 17. Re1 Qb6 18. Ra2 Bd3 19. Ne4 Bc4 20. Qb1 Bxa2 21. Qxa2
Rac8 22. Nxd6 Qxd6 23. c4 b6 24. Bc3 Rfe8 25. Bb4 Qd7 26. d6 a5 27. Bc3 Qxd6 28.
Bd5 Qc5 29. a4 e4 30. Bxg7 Kxg7 31. Qb2+ f6 32. Qa1 e3 33. f4 e2+ 34. Kg2 Re3
35. g4 Qd6 36. Qd4 Rce8 37. g5 R8e4 38. Qxf6+ Qxf6 39. gxf6+ Kxf6 40. Bxe4 Rxe4
41. Kf3 Rxc4 42. Rxe2 Rxa4 43. Rc2 Kf5 44. Rc7 Rxf4+ 45. Kg3 Rg4+ 46. Kf3 h5 47.
Rb7 Rb4 48. Rf7+ Ke6 49. Rg7 Kf6 50. Rc7 a4 51. Rc6+ Kf5 52. Rc2 Rb3+ 53. Kg2 a3
54. Rf2+ Kg5 55. Kf1 Rb1+ 56. Kg2 Rb2 57. Kg3 Rxf2 58. h4+ Kf6 59. Kh3 a2 60.
Kg3 Rb2 61. Kf4 a1=Q {White resigns} 0-1

[Event "Team 45 45 League T52"]
[Site "Internet Chess Club"]
[Date "2012.02.24"]
[Round "2"]
[White "tightfist"]
[Black "chrisgianno"]
[Result "1-0"]
[WhiteElo "1739"]
[BlackElo "1547"]
[Opening "English: Carls' Bremen system"]
[ECO "A22"]
[Time "10:20:10"]
[TimeControl "2700+45"]

1. c4 e5 2. Nc3 Nf6 3. g3 Bc5 4. e3 O-O 5. Bg2 c6 6. Nge2 d5 7. d4 exd4 8. exd4
Bb6 9. cxd5 Nxd5 10. O-O Bf5 11. Nxd5 cxd5 12. Nc3 Nc6 13. Be3 Qd7 14. Nxd5 Rad8
15. Nxb6 axb6 16. Qb3 Nxd4 17. Bxd4 Qxd4 18. Bxb7 Be4 19. Bxe4 Qxe4 20. Rfe1 Qg6
21. a4 Rd3 22. Qb5 Rfd8 23. Re8+ {Black resigns} 1-0

[Event "Team 45 45 League T52"]
[Site "Internet Chess Club"]
[Date "2012.02.26"]
[Round "2"]
[White "quotha"]
[Black "DouDou"]
[Result "1/2-1/2"]
[WhiteElo "1645"]
[BlackElo "1522"]
[Opening "KP: Indian opening"]
[ECO "A00"]
[Time "13:59:08"]
[TimeControl "2700+45"]

1. d3 e5 2. e4 Nf6 3. Be2 Nc6 4. Nf3 d5 5. exd5 Nxd5 6. O-O Bc5 7. a3 Bg4 8. b4
Bb6 9. c4 Nf6 10. c5 O-O 11. cxb6 axb6 12. Bb2 Re8 13. Nc3 Qd7 14. Ne4 Nh5 15.
Nfd2 Bxe2 16. Qxe2 Nf4 17. Qe3 Qg4 18. Qf3 Qf5 19. Ng3 Qxd3 20. Qxd3 Nxd3 21.
Bc3 Rad8 22. Nde4 Nf4 23. Rad1 Nd4 24. Bxd4 exd4 25. f3 Re5 26. Rd2 c5 27. Rfd1
d3 28. bxc5 bxc5 29. Nc3 c4 30. Nge2 Nxe2+ 31. Nxe2 h6 32. Nc3 b5 33. Rb1 Rb8
34. Kf2 Rc8 35. Rb4 Rcc5 36. a4 bxa4 37. Rxa4 Rc8 38. Ra3 Re6 39. Nd1 Rec6 40.
Rc3 Re6 41. Ne3 Rec6 42. Nd5 Kf8 43. Nb4 Rc5 44. Ke1 f5 45. Kf2 g5 46. Kg3 f4+
47. Kg4 Kg7 48. h4 Kf6 49. h5 Rd8 50. g3 fxg3 51. Kxg3 Kf5 52. Na2 Ra8 53. Nc1
Rd8 54. Kf2 g4 55. Rdxd3 cxd3 56. Rxc5+ Kf4 57. Rc4+ Kg5 58. Nxd3 Rxd3 59. fxg4
Rb3 {Game drawn by mutual agreement} 1/2-1/2

[Event "Team 45 45 League T52"]
[Site "Internet Chess Club"]
[Date "2012.02.26"]
[Round "2"]
[White "chess-fan"]
[Black "Hapa-Haole"]
[Result "1-0"]
[WhiteElo "1689"]
[BlackElo "1638"]
[Opening "French: Fort Knox variation"]
[ECO "C03"]
[Time "18:00:05"]
[TimeControl "2700+45"]

1. e4 e6 2. d4 d5 3. Nd2 dxe4 4. Nxe4 Bd7 5. Nf3 Bc6 6. Bd3 Nd7 7. O-O Ngf6 8.
Re1 Be7 9. Qe2 O-O 10. Bf4 Re8 11. Rad1 Bxe4 12. Bxe4 Nxe4 13. Qxe4 c6 14. Ne5
Nf6 15. Qf3 Qd5 16. Qxd5 Nxd5 17. Bg3 Rad8 18. c3 Bd6 19. Nf3 Bxg3 20. hxg3 f6
21. Re2 Kf7 22. Rde1 b5 23. Nd2 Nc7 24. Nb3 Na6 25. Na5 c5 26. Nb7 Rd7 27. Nxc5
Nxc5 28. dxc5 Rd5 29. b4 e5 30. Rb2 Rd3 31. Rb3 Red8 32. Ra3 R8d7 33. Re3 Rd1+
34. Kh2 R1d2 35. f4 exf4 36. gxf4 Rf2 37. Rf3 Re2 38. Ra5 Rb7 39. c6 Rc7 40.
Rxb5 Rxc6 41. Rb7+ Re7 42. Rxe7+ Kxe7 43. a4 Ra6 44. a5 Rc6 45. Rd3 Rc7 46. Kg3
f5 47. Kf3 h6 48. g4 fxg4+ 49. Kxg4 g6 50. f5 Rc4+ 51. Rd4 gxf5+ 52. Kxf5 Rxd4
53. cxd4 Kd6 54. Ke4 h5 55. b5 h4 56. b6 axb6 57. a6 Kc7 58. d5 b5 59. a7 Kb7
60. d6 h3 61. Kf3 b4 62. d7 h2 63. Kg2 b3 64. a8=Q+ Kxa8 65. d8=Q+ {Black
resigns} 1-0

[Event "Team 45 45 League T52"]
[Site "Internet Chess Club"]
[Date "2012.02.24"]
[Round "2"]
[White "dschesq"]
[Black "hi12980"]
[Result "1-0"]
[WhiteElo "1652"]
[BlackElo "1641"]
[Opening "Grünfeld: 5.Bg5"]
[ECO "D91"]
[Time "13:14:21"]
[TimeControl "2700+45"]

1. Nf3 Nf6 2. c4 g6 3. Nc3 Bg7 4. d4 d5 5. Bg5 dxc4 6. e3 Bf5 7. Bxc4 Nc6 8. O-O
O-O 9. h3 Qd6 10. Bf4 Qd8 11. Rc1 a6 12. Re1 Ne4 13. Nxe4 Bxe4 14. Qe2 Kh8 15.
Red1 e6 16. Ng5 Bd5 17. Bxd5 Qxd5 18. e4 Qd7 19. d5 exd5 20. exd5 Nb4 21. Rxc7
Qf5 22. Qg4 Rad8 23. Qxf5 gxf5 24. Nxf7+ Rxf7 25. Rxf7 Nxa2 26. Rxb7 a5 27. d6
Nb4 28. Rd2 Na6 29. Rd5 Bf8 30. Rxa5 Bxd6 31. Bxd6 Rxd6 32. Rxf5 Rd1+ 33. Kh2
Rd8 34. Rff7 Kg8 35. Rxh7 {Black resigns} 1-0

[Event "Team 45 45 League T52"]
[Site "Internet Chess Club"]
[Date "2012.02.26"]
[Round "2"]
[White "almond123"]
[Black "rookmaster23"]
[Result "0-1"]
[WhiteElo "1308"]
[BlackElo "1524"]
[Opening "Sicilian: Najdorf, Opocensky variation"]
[ECO "B92"]
[Time "16:00:21"]
[TimeControl "2700+45"]

1. e4 c5 2. Nf3 d6 3. d4 cxd4 4. Nxd4 Nf6 5. Nc3 a6 6. Be2 e5 7. Nb3 Be7 8. O-O
O-O 9. Be3 b5 10. a3 Bb7 11. Bf3 Nbd7 12. Qd2 Rc8 13. Rfe1 Nb6 14. Bxb6 Qxb6 15.
Rad1 Rc7 16. Qe3 Qc6 17. Na5 Qd7 18. Nxb7 Rxb7 19. Nd5 Nxd5 20. exd5 Rc8 21. Be4
f5 22. Bd3 e4 23. Be2 Rxc2 24. Rb1 Bf6 25. Qb3 Rbc7 26. Bd1 Rc1 27. Be2 Qc8 28.
Qe3 Rxe1+ 29. Rxe1 Bxb2 30. Bh5 Rc1 31. Bd1 Ra1 32. h3 Rxa3 33. Qd2 Qc3 34. Qxc3
Rxc3 35. Be2 Rc1 36. Rxc1 Bxc1 37. Kf1 Kf7 38. Ke1 Kf6 39. Kd1 Bg5 40. Kc2 Ke5
41. Kb3 Kxd5 42. Kb4 Bd2+ 43. Kb3 Kd4 44. Kc2 Be1 45. f3 Ke3 46. Kd1 Bh4 47. Bf1
exf3 48. gxf3 Kxf3 49. Kd2 g5 50. Kd3 b4 51. Kc4 a5 52. Kb3 g4 53. hxg4 fxg4 54.
Bd3 g3 55. Bc4 g2 56. Bd5+ Kf2 57. Bxg2 Kxg2 58. Kc4 Bd8 59. Kb3 h5 60. Kc4 h4
61. Kb3 h3 62. Kc4 h2 63. Kb3 h1=Q 64. Kc4 Qb1 65. Kd5 a4 66. Kc4 a3 67. Kb5 a2
68. Kc6 a1=Q {White resigns} 0-1

[Event "Team 45 45 League T52"]
[Site "Internet Chess Club"]
[Date "2012.02.28"]
[Round "2"]
[White "rayonline53"]
[Black "jkovar"]
[Result "1-0"]
[WhiteElo "1671"]
[BlackElo "1906"]
[Opening "King's Indian defense, 3.Nc3"]
[ECO "E61"]
[Time "15:00:14"]
[TimeControl "2700+45"]

1. d4 Nf6 2. c4 g6 3. Nc3 Bg7 4. e3 O-O 5. Nf3 c5 6. Be2 cxd4 7. exd4 d5 8. O-O
dxc4 9. Bxc4 Bg4 10. h3 Bxf3 11. Qxf3 Qxd4 12. Bb3 Nc6 13. Be3 Qb4 14. Rad1 Rad8
15. Rxd8 Rxd8 16. Rd1 Rxd1+ 17. Qxd1 a6 18. a3 Qa5 19. Ba4 b5 20. b4 Qc7 21. Bb3
Ne5 22. Nd5 Nxd5 23. Qxd5 e6 24. Qa8+ Bf8 25. Bh6 Nd7 26. Bxf8 Nxf8 27. Qxa6 Qc3
28. Bd1 Qe1+ 29. Kh2 Qxd1 30. Qxb5 Qd6+ 31. Kg1 Qd7 32. Qa6 Qc7 33. b5 Nd7 34.
a4 Kg7 35. a5 Qc1+ 36. Kh2 Qf4+ 37. Kg1 Qb4 38. b6 Nc5 39. Qa7 Qb5 40. Qa8 Qa6
41. b7 Qxb7 42. Qxb7 Nxb7 43. a6 {Black resigns} 1-0

[Event "Team 45 45 League T52"]
[Site "Internet Chess Club"]
[Date "2012.02.22"]
[Round "2"]
[White "JMB2009"]
[Black "nursey"]
[Result "1-0"]
[WhiteElo "1818"]
[BlackElo "1615"]
[Opening "Ruy Lopez: closed (10...c5)"]
[ECO "C96"]
[Time "16:00:30"]
[TimeControl "2700+45"]

1. e4 e5 2. Nf3 Nc6 3. Bb5 a6 4. Ba4 Nf6 5. O-O Be7 6. Re1 b5 7. Bb3 O-O 8. c3
d6 9. h3 Na5 10. Bc2 c5 11. d4 cxd4 12. cxd4 exd4 13. Nxd4 d5 14. e5 Nd7 15. Qh5
g6 16. Qh6 Nc4 17. Nf5 gxf5 18. Bxf5 Nf6 19. exf6 {Black resigns} 1-0

[Event "Team 45 45 League T52"]
[Site "Internet Chess Club"]
[Date "2012.02.24"]
[Round "2"]
[White "Giacometti"]
[Black "Hal2001"]
[Result "1-0"]
[WhiteElo "1688"]
[BlackElo "1663"]
[Opening "Bird's opening"]
[ECO "A02"]
[Time "10:00:36"]
[TimeControl "2700+45"]

1. f4 g6 2. e4 c5 3. Nf3 Bg7 4. Bc4 e6 5. e5 Nc6 6. Nc3 d6 7. exd6 Qxd6 8. d3
Nf6 9. O-O O-O 10. Ne4 Qe7 11. Nxf6+ Bxf6 12. c3 Rd8 13. Qe2 a6 14. Bb3 b5 15.
Bc2 Bb7 16. Be3 Rac8 17. Qf2 Nb8 18. Rad1 Qd6 19. Ne5 Bg7 20. d4 c4 21. h4 f5
22. h5 Bxe5 23. fxe5 Qf8 24. hxg6 hxg6 25. Bg5 Rd7 26. Qg3 Rh7 27. Rf4 Rcc7 28.
Rdf1 Qg7 29. Bf6 Qf7 30. Bxf5 exf5 31. Rxf5 Rh1+ 32. Kxh1 Qh7+ 33. Kg1 Rf7 34.
R5f4 Kf8 35. Rh4 {Black resigns} 1-0

[Event "Team 45 45 League T52"]
[Site "Internet Chess Club"]
[Date "2012.02.26"]
[Round "2"]
[White "JPB2010"]
[Black "Kristian1974"]
[Result "0-1"]
[WhiteElo "1240"]
[BlackElo "1652"]
[Opening "Réti opening"]
[ECO "A04"]
[Time "14:01:47"]
[TimeControl "2700+45"]

1. Nf3 c5 2. b3 Nc6 3. Bb2 d5 4. g3 Qd6 5. Bg2 e5 6. d3 Bf5 7. Nbd2 Nf6 8. O-O
Be7 9. Re1 O-O-O 10. Rb1 Rdg8 11. Ng5 Bg6 12. c4 h6 13. Ngf3 d4 14. Nh4 Bh7 15.
Ne4 Nxe4 16. Bxe4 Bxe4 17. dxe4 Bxh4 18. gxh4 Qe7 19. Ba3 b6 20. Qd3 Qxh4 21.
Qf3 Qg5+ 22. Qg3 Rh7 23. Bc1 Qd8 24. Qg4+ Kb7 25. Qf5 g6 26. Qg4 f5 27. Qf3 f4
28. Bd2 g5 29. b4 g4 30. Qg2 g3 31. Qh3 gxf2+ 32. Kxf2 cxb4 33. Bxb4 Nxb4 34.
Rxb4 Qg5 35. Rbb1 Qe7 36. Rg1 Rc8 37. Rbc1 Qc5 38. Kf1 b5 39. Qb3 Rhc7 40. Rg6
Rc6 41. Rg7+ R8c7 42. Rxc7+ Kxc7 43. Qc2 Qxc4 44. Qxc4 Rxc4 45. Rb1 b4 46. Ke1
a5 47. Kd2 Rc3 48. Rb3 Kc6 49. Rxc3+ bxc3+ 50. Kc2 Kd6 51. a4 Ke6 52. Kd3 Kf6
53. Kc2 Kg5 54. Kd3 Kg4 {White resigns} 0-1

[Event "Team 45 45 League T52"]
[Site "Internet Chess Club"]
[Date "2012.02.28"]
[Round "2"]
[White "ScotchYeti"]
[Black "crazyhorses"]
[Result "0-1"]
[WhiteElo "1694"]
[BlackElo "1564"]
[Opening "Sicilian: dragon variation"]
[ECO "B70"]
[Time "15:31:33"]
[TimeControl "2700+45"]

1. e4 c5 2. Nf3 d6 3. d4 cxd4 4. Nxd4 Nf6 5. Nc3 g6 6. Be2 Bg7 7. O-O O-O 8. Bg5
Nc6 9. Nb3 a6 10. Re1 b5 11. Bf1 Be6 12. Nd5 Nd7 13. c3 b4 14. Qd2 bxc3 15. Nxc3
Bxb3 16. axb3 Nb4 17. Bh6 Bxh6 18. Qxh6 Nc2 19. h4 Ne5 20. Rac1 Nxe1 21. Rxe1 e6
22. Be2 Qb6 23. Bd1 Nd3 24. Re2 Nc5 25. Na4 Nxa4 26. bxa4 Rab8 27. Rd2 Rfc8 28.
Kh2 Rc4 29. h5 Rd4 30. hxg6 fxg6 31. Bg4 Rxe4 32. f3 Re1 33. Qf4 d5 34. Rc2 Rf8
35. Qd2 Re5 36. Qc1 h5 37. Rc6 Qb8 38. f4 hxg4 39. fxe5 Qxe5+ 40. Kh1 g3 41. Rc2
Qh5+ 42. Kg1 Qh2# {White checkmated} 0-1

[Event "Team 45 45 League T52"]
[Site "Internet Chess Club"]
[Date "2012.02.26"]
[Round "2"]
[White "Whalen"]
[Black "cBishop"]
[Result "0-1"]
[WhiteElo "1683"]
[BlackElo "1636"]
[Opening "QGD semi-Slav"]
[ECO "D43"]
[Time "11:05:43"]
[TimeControl "2700+45"]

1. d4 d5 2. c4 c6 3. Nc3 Nf6 4. Nf3 e6 5. Bg5 Be7 6. e3 Nbd7 7. Be2 a6 8. O-O
dxc4 9. Bxc4 b5 10. Bd3 h6 11. Bh4 Bb7 12. Qe2 Qb6 13. Rac1 Rc8 14. a3 c5 15.
Bb1 O-O 16. dxc5 Rxc5 17. Rfd1 Rd8 18. Ne4 Rxc1 19. Rxc1 Kf8 20. Nxf6 Nxf6 21.
Bg3 Bd6 22. Bh4 Be7 23. Nd4 Ne4 24. Bxe7+ Kxe7 25. Qg4 Nf6 26. Qg3 Qd6 27. Rc7+
Rd7 28. Rxd7+ Qxd7 29. h3 g6 30. Bxg6 fxg6 31. Qxg6 Qe8 32. Qxh6 Qh5 33. Qf4 Nd7
34. Qc7 Qd5 35. Qg3 Qe5 36. f4 Qf6 37. b4 Be4 38. Qf2 Nb6 39. g4 Qh8 40. h4 Qc8
41. Kh2 Qc1 42. h5 Qh1+ 43. Kg3 Nd5 44. Nc6+ Kd6 45. Nd4 Qc1 46. g5 Nxe3 47. h6
Qc3 48. Ne2 Qxa3 49. Kh4 Bg6 50. Ng3 Qd3 51. Qa2 Qc4 52. Qxa6+ Qc6 53. Qa2 Ng2+
54. Kg4 Ne3+ 55. Kh3 Bc2 56. Qa7 Qg2+ {White resigns} 0-1

[Event "Team 45 45 League T52"]
[Site "Internet Chess Club"]
[Date "2012.02.26"]
[Round "2"]
[White "elessar"]
[Black "ElmerHo"]
[Result "1-0"]
[WhiteElo "1611"]
[BlackElo "1487"]
[Opening "Petrov: modern attack, Symmetrical variation"]
[ECO "C43"]
[Time "19:00:22"]
[TimeControl "2700+45"]

1. e4 e5 2. Nf3 Nf6 3. d4 Nxe4 4. Bd3 d5 5. Nxe5 Nd7 6. Nxd7 Bxd7 7. O-O Bd6 8.
Nc3 Nxc3 9. bxc3 O-O 10. Qh5 f5 11. Re1 c6 12. Bg5 Qc7 13. Be7 Bxe7 14. Rxe7
Rae8 15. Bxf5 Rxf5 16. Qxe8+ Bxe8 17. Rxc7 Rf7 18. Rxf7 Kxf7 19. a4 Ke6 20. a5
Bd7 21. Rb1 Bc8 22. Re1+ Kd6 23. Re8 Bd7 24. Rg8 g6 25. Rg7 {Black resigns} 1-0

[Event "Team 45 45 League T52"]
[Site "Internet Chess Club"]
[Date "2012.02.26"]
[Round "2"]
[White "KnightDwarf"]
[Black "cepheid"]
[Result "1-0"]
[WhiteElo "1507"]
[BlackElo "1561"]
[Opening "Nimzo-Indian: classical, 4...Nc6"]
[ECO "E33"]
[Time "18:35:37"]
[TimeControl "2700+45"]

1. d4 Nf6 2. c4 e6 3. Nc3 Bb4 4. Qc2 Nc6 5. Nf3 O-O 6. Bg5 d6 7. a3 Bxc3+ 8.
Qxc3 Qe7 9. e4 e5 10. Bd3 exd4 11. Nxd4 Ne5 12. Bc2 Ned7 13. Nf5 Qe6 14. O-O Re8
15. f4 g6 16. Nh6+ Kf8 17. f5 Qe5 18. Qf3 gxf5 19. Qxf5 Qxf5 20. Rxf5 Kg7 21.
Raf1 Re6 22. Bb3 Ne5 23. Rxf6 Rxf6 24. Rxf6 Be6 25. Nf5+ Bxf5 26. Rxf5 Re8 27.
Bf6+ Kg6 28. Bxe5 dxe5 29. c5 Re7 30. Kf2 f6 31. g4 Rd7 32. Ke2 Rd4 33. Ke3 h6
34. Rf2 Kg5 35. Be6 Rd1 36. Rf5+ Kg6 37. Rf2 b6 38. cxb6 cxb6 39. Rd2 Re1+ 40.
Kf3 Rf1+ 41. Kg3 Rg1+ 42. Kh4 a5 43. Rd7 Rg2 44. Bf5# {Black checkmated} 1-0

[Event "Team 45 45 League T52"]
[Site "Internet Chess Club"]
[Date "2012.02.25"]
[Round "2"]
[White "Greedy-Reedy"]
[Black "frontier"]
[Result "0-1"]
[WhiteElo "2047"]
[BlackElo "2023"]
[Opening "French: Albin-Alekhine-Châtard attack"]
[ECO "C13"]
[Time "07:01:48"]
[TimeControl "2700+45"]

1. e4 e6 2. d4 d5 3. Nc3 Nf6 4. Bg5 Be7 5. e5 Nfd7 6. h4 Nc6 7. Bxe7 Qxe7 8. f4
O-O 9. Nf3 f6 10. Qd2 Nb6 11. O-O-O Bd7 12. h5 Be8 13. Be2 Na5 14. Qe1 Nac4 15.
Bxc4 Nxc4 16. Nd2 b5 17. Nxc4 bxc4 18. Qh4 Rb8 19. a3 c5 20. exf6 Rxf6 21. h6
Qb7 22. hxg7 Qxb2+ 23. Kd2 Bg6 24. Qxf6 Qxc2+ 25. Ke1 Qxc3+ 26. Kf1 Qe3 27. Qxg6
hxg6 28. Rh8+ Kxg7 29. Rxb8 Qxf4+ {White resigns} 0-1

[Event "Team 45 45 League T52"]
[Site "Internet Chess Club"]
[Date "2012.02.22"]
[Round "2"]
[White "spunni"]
[Black "Heraclito"]
[Result "1/2-1/2"]
[WhiteElo "1924"]
[BlackElo "2049"]
[Opening "French: King's Indian attack"]
[ECO "C00"]
[Time "09:30:30"]
[TimeControl "2700+45"]

1. e4 e6 2. d3 c5 3. Nf3 Nc6 4. g3 Nge7 5. Bg2 g6 6. O-O Bg7 7. c3 e5 8. a3 d6
9. b4 O-O 10. Nbd2 h6 11. Nb3 b6 12. b5 Nb8 13. d4 a6 14. bxa6 Bxa6 15. Re1 Qc7
16. a4 Bb7 17. Bb2 Nbc6 18. d5 Na5 19. Nxa5 Rxa5 20. c4 Rfa8 21. Qb3 Bc8 22. Bc3
R5a6 23. Ra2 Bd7 24. Rea1 f5 25. Nd2 Qa7 26. a5 bxa5 27. Rxa5 Bc8 28. Rxa6 Bxa6
29. f4 {Game drawn by mutual agreement} 1/2-1/2

[Event "Team 45 45 League T52"]
[Site "Internet Chess Club"]
[Date "2012.02.27"]
[Round "2"]
[White "Beetlejuice"]
[Black "bogolijubov"]
[Result "0-1"]
[WhiteElo "1814"]
[BlackElo "1806"]
[Opening "King's Indian: 3.g3"]
[ECO "E60"]
[Time "14:09:33"]
[TimeControl "2700+45"]

1. d4 Nf6 2. c4 g6 3. g3 Bg7 4. Bg2 O-O 5. Nc3 c5 6. Nf3 d5 7. cxd5 Nxd5 8. e4
Nxc3 9. bxc3 Nc6 10. Be3 Bg4 11. Qb3 cxd4 12. Rd1 Qa5 13. Bf4 dxc3 14. O-O Qb4
15. Rb1 Qxb3 16. Rxb3 Bxf3 17. Bxf3 Nd4 18. Rxc3 Ne2+ 19. Bxe2 Bxc3 20. Rc1 Rac8
21. Bg4 e6 22. Bd6 Rfd8 23. Be7 Be5 24. Rb1 Rd2 25. Bg5 Rxa2 26. Be3 Ra1 {White
resigns} 0-1

[Event "Team 45 45 League T52"]
[Site "Internet Chess Club"]
[Date "2012.02.27"]
[Round "2"]
[White "barbak"]
[Black "BuddyT"]
[Result "1-0"]
[WhiteElo "1959"]
[BlackElo "1782"]
[Opening "French: Tarrasch"]
[ECO "C03"]
[Time "14:00:45"]
[TimeControl "2700+45"]

1. e4 e6 2. d4 d5 3. Nd2 a6 4. Ngf3 Nf6 5. Bd3 c5 6. exd5 Qxd5 7. O-O cxd4 8.
Nb3 e5 9. Re1 Bg4 10. Bf4 Nc6 11. Nbxd4 Bxf3 12. Nxf3 Bd6 13. Bg5 h6 14. Bxf6
gxf6 15. Be4 Qc5 16. c3 O-O-O 17. Qe2 Kb8 18. Rad1 Bc7 19. Nh4 Rxd1 20. Rxd1 Rd8
21. Rxd8+ Bxd8 22. Nf5 Qf8 23. Bxc6 bxc6 24. Qxa6 Qc5 25. Qd3 Bb6 26. Qd6+
{Black resigns} 1-0

[Event "Team 45 45 League T52"]
[Site "Internet Chess Club"]
[Date "2012.02.26"]
[Round "2"]
[White "steadman"]
[Black "koni"]
[Result "1/2-1/2"]
[WhiteElo "2201"]
[BlackElo "1910"]
[Opening "Dutch defense, Rubinstein variation"]
[ECO "A40"]
[Time "15:03:58"]
[TimeControl "2700+45"]

1. d4 e6 2. c4 f5 3. Nc3 Nf6 4. Qc2 c6 5. Bf4 d5 6. e3 Bd6 7. Nf3 O-O 8. Bd3 Ne4
9. h3 Qc7 10. Bxd6 Qxd6 11. g4 Na6 12. a3 Nc7 13. c5 Qe7 14. O-O-O b6 15. cxb6
axb6 16. Ne5 c5 17. gxf5 exf5 18. f3 cxd4 19. exd4 Nxc3 20. Qxc3 Bb7 21. Kb1 Ne6
22. Bc2 Rac8 23. Qd2 Rc7 24. Rhg1 b5 25. Rde1 Kh8 26. h4 Qf6 27. Rg2 Rfc8 28.
Bb3 Kg8 29. h5 Qh4 30. Rd1 Qxh5 31. Rh2 Qg5 {Game drawn by mutual agreement}
1/2-1/2

[Event "Team 45 45 League T52"]
[Site "Internet Chess Club"]
[Date "2012.02.26"]
[Round "2"]
[White "poni"]
[Black "primerpaso"]
[Result "1/2-1/2"]
[WhiteElo "1881"]
[BlackElo "1912"]
[Opening "Queen's pawn game"]
[ECO "D04"]
[Time "12:01:15"]
[TimeControl "2700+45"]

1. d4 Nf6 2. Nf3 d5 3. e3 g6 4. c4 c6 5. Nc3 Bg7 6. Be2 O-O 7. O-O Nbd7 8. cxd5
cxd5 9. a4 Re8 10. Ne5 Nxe5 11. dxe5 Ne4 12. f4 Nxc3 13. bxc3 Be6 14. Ba3 f6 15.
exf6 Bxf6 16. Qd2 Rc8 17. Rac1 Qa5 18. Bb4 Qxa4 19. Ra1 Qc6 20. Rxa7 Bxc3 21.
Bxc3 Qxc3 22. Qxc3 Rxc3 23. Rxb7 Bc8 24. Rb8 Rxe3 25. Bb5 Rf8 26. Rd1 Be6 27.
Rxf8+ Kxf8 28. Bc6 Re4 29. g3 Re2 {Game drawn by mutual agreement} 1/2-1/2

[Event "Team 45 45 League T52"]
[Site "Internet Chess Club"]
[Date "2012.02.27"]
[Round "2"]
[White "RdgMx"]
[Black "expectnomercy"]
[Result "1/2-1/2"]
[WhiteElo "1843"]
[BlackElo "1832"]
[Opening "Scotch: Schmidt variation"]
[ECO "C45"]
[Time "15:30:10"]
[TimeControl "2700+45"]

1. e4 e5 2. Nf3 Nc6 3. d4 exd4 4. Nxd4 Nf6 5. Nc3 Bb4 6. Ne2 Nxe4 7. Qd3 d5 8.
Be3 Nxc3 9. bxc3 Be7 10. g3 Ne5 11. Qb5+ c6 12. Qa4 Nf3+ 13. Kd1 O-O 14. Bg2 Ne5
15. Bd4 Nc4 16. Qb3 Bf6 17. h3 Re8 18. Re1 Bxd4 19. Nxd4 Rxe1+ 20. Kxe1 Qb6 21.
Rd1 Bd7 22. Kf1 Re8 23. Kg1 Be6 24. Bf1 Nd6 25. Re1 Ne4 26. Qxb6 axb6 27. c4 Nf6
28. Rb1 Nd7 29. Re1 Kf8 30. f4 dxc4 31. Nxe6+ Rxe6 32. Rxe6 fxe6 33. Bxc4 Ke7
34. Bd3 h6 35. Kf2 Kd6 36. Ke3 b5 37. c3 Nc5 38. Be2 Na4 39. Kd4 b6 40. g4 Nc5
41. h4 Nd7 42. g5 e5+ 43. fxe5+ Nxe5 44. gxh6 gxh6 45. h5 {Game drawn by mutual
agreement} 1/2-1/2

[Event "Team 45 45 League T52"]
[Site "Internet Chess Club"]
[Date "2012.02.25"]
[Round "2"]
[White "SaltofLife"]
[Black "loudoun"]
[Result "0-1"]
[WhiteElo "1966"]
[BlackElo "1711"]
[Opening "King's Indian: Torre attack"]
[ECO "A48"]
[Time "16:07:13"]
[TimeControl "2700+45"]

1. d4 Nf6 2. Nf3 g6 3. Bg5 Bg7 4. c3 O-O 5. Nbd2 d6 6. e4 Qe8 7. Bc4 h6 8. Bf4
Nh5 9. Be3 Nc6 10. O-O e5 11. dxe5 dxe5 12. b4 Kh8 13. Be2 Nf4 14. Nc4 a6 15.
Re1 Bd7 16. Bf1 Rd8 17. Qc1 g5 18. a4 b5 19. axb5 axb5 20. Ncd2 Ne7 21. Nb3 Bc6
22. Nc5 f5 23. Bxf4 exf4 24. Ne6 fxe4 25. Nfd4 Rd6 26. Nxc7 Qd7 27. Ncxb5 Rdf6
28. Ra7 Qd8 29. Rd1 Qe8 30. Nc7 Qb8 31. Qa1 Nc8 32. Ncb5 Nxa7 33. Nxa7 Ba8 34.
b5 e3 35. Nac6 exf2+ 36. Kxf2 Qb6 37. Qa5 Rxc6 {White resigns} 0-1

[Event "Team 45 45 League T52"]
[Site "Internet Chess Club"]
[Date "2012.02.24"]
[Round "2"]
[White "hewdondada"]
[Black "ddlj81"]
[Result "0-1"]
[WhiteElo "1719"]
[BlackElo "1857"]
[Opening "QGD semi-Slav"]
[ECO "D43"]
[Time "22:30:54"]
[TimeControl "2700+45"]

1. d4 d5 2. c4 c6 3. Nf3 Nf6 4. Nc3 e6 5. cxd5 exd5 6. Qc2 Be7 7. Bg5 h6 8. Bh4
O-O 9. e3 Re8 10. Bd3 Nbd7 11. O-O Ne4 12. Bxe7 Qxe7 13. a3 a5 14. b4 axb4 15.
axb4 Rxa1 16. Rxa1 Qxb4 17. Nxe4 dxe4 18. Bxe4 Nf6 19. Bd3 Qe7 20. Ra7 Nd5 21.
Qc1 Nb4 22. Bb1 Bg4 23. Ne5 Be2 24. Qc3 Ba6 25. h3 Qd6 26. Qc5 Qxc5 27. dxc5 g6
28. Nf3 Rd8 29. Nd4 Kf8 30. Be4 Ke8 31. Nf3 f5 32. Bb1 Rd1+ 33. Kh2 Rxb1 34.
Ra8+ Ke7 35. Rh8 h5 36. Ng5 Nd3 37. f4 Nxc5 38. Rh6 Ne4 39. Rh7+ Kd6 40. Nf7+
Kd5 41. Ne5 Rb2 42. Nxg6 Bf1 43. Nh4 c5 44. Rxh5 Nd6 45. e4+ Nxe4 46. Rxf5+ Kd4
47. Kg1 Bd3 48. Nf3+ Ke3 49. Ne5 c4 50. Ng4+ Kd4 51. Ne5 c3 52. Rf8 Rb1+ 53. Kh2
Nc5 54. Rd8+ Ke4 55. Nxd3 Nxd3 56. f5 c2 {White resigns} 0-1

[Event "Team 45 45 League T52"]
[Site "Internet Chess Club"]
[Date "2012.02.25"]
[Round "2"]
[White "ElMarginal"]
[Black "Whalen"]
[Result "0-1"]
[WhiteElo "1463"]
[BlackElo "1703"]
[Opening "Sicilian"]
[ECO "B55"]
[Time "17:02:39"]
[TimeControl "2700+45"]

1. e4 c5 2. Nf3 d6 3. d4 cxd4 4. Nxd4 Nf6 5. Bd3 e5 6. Nf5 Bxf5 7. exf5 a6 8.
Bg5 h6 9. Bh4 Be7 10. O-O Nbd7 11. b4 Rc8 12. c4 O-O 13. Nd2 Re8 14. Rc1 a5 15.
a3 axb4 16. axb4 Qb6 17. Qb3 e4 18. Bb1 Qd4 19. Rfd1 Qe5 20. Qh3 d5 21. cxd5
Rxc1 22. Rxc1 Bxb4 23. Nf1 Qxd5 24. Ne3 Qb5 25. g4 Ra8 26. g5 hxg5 27. Bxg5 Bd2
28. Rd1 Ra1 29. Qf1 Qxf1+ 30. Kxf1 Bc3 31. Ke2 Nc5 32. Nc2 Ra5 33. Ne3 b5 34.
Rd8+ Kh7 35. Rb8 b4 36. Nc4 Ra1 37. Bc2 Re1# {White checkmated} 0-1

[Event "Team 45 45 League T52"]
[Site "Internet Chess Club"]
[Date "2012.02.26"]
[Round "2"]
[White "HomerSimpson"]
[Black "TerryMalloy"]
[Result "1/2-1/2"]
[WhiteElo "2078"]
[BlackElo "2016"]
[Opening "Polish: Outflank variation"]
[ECO "A00"]
[Time "15:24:17"]
[TimeControl "2700+45"]

1. b4 c6 2. Bb2 Qb6 3. a3 a5 4. c4 d6 5. d4 axb4 6. c5 Qc7 7. axb4 Rxa1 8. Bxa1
Nf6 9. Nf3 g6 10. e3 Bg7 11. Bd3 O-O 12. O-O Na6 13. Qa4 b5 14. cxb6 Qxb6 15. b5
cxb5 16. Qxb5 Qxb5 17. Bxb5 Bd7 18. Bxa6 Ra8 19. Bc4 Rxa1 20. Nc3 Rxf1+ 21. Kxf1
Kf8 22. Ng5 e6 23. d5 exd5 24. Nxd5 Nxd5 25. Bxd5 h6 26. Ne4 Ke7 27. f4 f5 28.
Nd2 Bb5+ 29. Kf2 Bc3 30. Nf3 Kf6 31. h3 Bd3 32. g4 fxg4 33. hxg4 Bb2 34. g5+
hxg5 35. Nxg5 Bc3 36. Kf3 Bb2 37. e4 Bd4 38. Nf7 Bc5 39. e5+ dxe5 40. fxe5+ Kf5
41. e6 Kf6 42. Nh6 Ke7 43. Ng8+ Kf8 44. Kf4 Be7 45. Nh6 Kg7 46. Ng4 Bd6+ 47. Kg5
Be7+ 48. Kf4 Bd6+ 49. Kg5 Be7+ 50. Kf4 {Game drawn by repetition} 1/2-1/2